Map: Ruins of Endion

Players

UnaBaby

  • Race: Zerg Zerg
  • League: Silver
  • Spawn Location: 7:00

Fropez - Winner!

  • Race: Protoss Protoss
  • League: Silver
  • Spawn Location: 5:00

VOD

Have the link to the VOD?

Description

Time

  • Played on: June 24, 2016, 1:24 p.m.
  • Length: 15:25
Show
View Real Time Build Order
Export as new Build Order

UnaBaby Zerg 

Build Orders: Hatch First 

Get SALT Encoding   

  12  0:02  Drone  
  13  0:08  Drone  
  14  0:18  Overlord  
  14  0:22  Extractor  
  14  0:24  Drone  
  15  0:37  Drone x2  
  17  0:48  Drone  
  18  0:57  Hatchery  
  18  0:59  Drone  
  18  1:03  Extractor  
  17  1:17  Spawning Pool  
  16  1:26  Drone x2  
  16  1:28  Drone  
  19  1:39  Overlord  
  19  2:03  Queen  
  19  2:04  Zergling x2  
  19  2:05  Zergling x2  
  23  2:12  Drone  
  23  2:13  Queen  
  23  2:15  Drone  
  28  2:22  Drone  
  28  2:27  Drone  
  29  2:43  Drone, Hatchery  
  29  2:44  Drone x3  
  32  2:56  Overlord  
  32  2:58  Drone  
  33  3:09  Pneumatized Carapace  
  33  3:10  Drone x2  
  35  3:18  Zergling x8  
  39  3:46  Metabolic Boost  
  39  3:51  Queen  
  42  3:59  Zergling x6  
  44  4:05  Lair  
  44  4:09  Roach Warren  
  42  4:27  Queen  
  43  4:52  Roach  
  43  4:56  Overlord x5  
  41  5:02  Overlord x2  
  41  5:13  Spine Crawler  
  41  5:14  Spine Crawler x2, Roach  
  39  5:15  Spine Crawler, Roach x5  
  49  5:28  Extractor  
  48  5:39  Evolution Chamber  
  39  6:14  Drone x5  
  39  6:15  Drone x10  
  54  6:24  Overseer  
  54  6:25  Overseer x2  
  54  6:30  Roach  
  54  6:31  Roach x2  
  60  6:56  Extractor  
  60  6:57  Extractor  
  58  7:10  Roach  
  58  7:11  Roach x5  
  70  7:25  Drone x4  
  70  7:28  Hatchery  
  73  7:59  Roach x7  
  73  8:00  Roach x2  
  78  8:24  Hydralisk Den  
  78  8:25  Spore Crawler  
  78  8:26  Spore Crawler x2  
  74  8:30  Spore Crawler  
  74  8:31  Spore Crawler  
  74  8:33  Overlord x2, Spore Crawler  
  63  8:43  Zerg Missile Weapons Level 1  
  63  8:49  Evolution Chamber  
  63  8:50  Drone  
  63  8:51  Drone x4  
  63  8:52  Drone x4  
  65  8:58  Hydralisk  
  65  8:59  Hydralisk  
  61  9:09  Drone x2  
  63  9:26  Spore Crawler  
  63  9:27  Spore Crawler  
  63  9:30  Spore Crawler  
  58  9:32  Hydralisk  
  57  9:41  Hydralisk  
  59  9:52  Hydralisk  
  59  9:53  Hydralisk  
  63  10:02  Hydralisk  
  65  10:08  Hydralisk  
  67  10:19  Hydralisk  
  69  10:22  Hydralisk  
  71  10:34  Hydralisk x2  
  75  10:56  Drone  
  77  10:57  Drone x5  
  81  11:09  Zerg Ground Armor Level 1  
  81  11:12  Drone  
  81  11:13  Drone  
  83  11:22  Zerg Missile Weapons Level 2  
  83  11:45  Roach  
  83  11:46  Roach x5  
  87  11:51  Glial Reconstitution  
  85  12:08  Overlord x3  
  83  12:09  Roach  
  83  12:11  Roach  
  87  12:24  Drone  
  87  12:25  Drone x5  
  93  12:39  Roach x2  
  93  12:40  Roach x2  
  101  12:56  Roach x6  
  113  13:05  Queen  
  113  13:06  Overlord  
  113  13:07  Drone  
  113  13:08  Drone  
  113  13:10  Drone  
  118  13:34  Muscular Augments  
  118  13:38  Drone x3  
  118  13:39  Infestation Pit  
  120  13:44  Hatchery  
  120  13:46  Drone x2  
  121  13:50  Extractor  
  121  13:52  Extractor, Drone x2  
  121  13:53  Drone  
  122  14:12  Spire  
  121  14:27  Drone x2  
  121  14:28  Drone  
  121  14:29  Drone x3  
  127  14:44  Hatchery  
  126  14:47  Extractor  
  126  14:51  Extractor  
  124  15:01  Roach x8  
Show
View Real Time Build Order
Export as new Build Order

Fropez Protoss - Winner!

Build Orders: Mass Adepts 

Get SALT Encoding   

  12  0:10  Pylon  
  12  0:13  Probe (Chrono Boost)  
  13  0:23  Probe (Chrono Boost)  
  14  0:34  Gateway  
  14  0:37  Probe (Chrono Boost)  
  15  0:52  Probe (Chrono Boost)  
  15  0:53  Assimilator  
  16  0:59  Pylon  
  16  1:07  Probe (Chrono Boost)  
  17  1:15  Gateway  
  17  1:25  Cybernetics Core  
  17  1:38  Gateway  
  17  1:42  Probe (Chrono Boost)  
  18  2:01  Pylon  
  18  2:03  Mothership Core (Chrono Boost)  
  20  2:14  Assimilator  
  20  2:15  Warp Gate (Chrono Boost)  
  20  2:21  Probe (Chrono Boost)  
  21  2:40  Adept  
  21  2:41  Adept  
  21  2:42  Adept  
  27  2:45  Probe (Chrono Boost)  
  28  2:57  Probe  
  29  3:08  Adept x2  
  29  3:09  Adept, Probe  
  36  3:28  Probe  
  37  3:35  Adept  
  39  3:42  Pylon  
  39  3:55  Pylon  
  39  4:20  Adept x3  
  45  4:34  Probe  
  46  4:44  Zealot x3  
  52  4:46  Probe  
  47  5:21  Nexus  
  47  5:22  Pylon  
  47  5:23  Pylon  
  47  5:26  Gateway  
  47  5:27  Gateway  
  47  5:41  Probe  
  42  5:54  Probe  
  42  5:55  Adept x2  
  33  6:06  Probe  
  33  6:08  Pylon  
  34  6:18  Probe  
  35  6:20  Pylon  
  35  6:23  Pylon  
  35  6:30  Twilight Council  
  35  6:37  Stargate  
  35  6:39  Probe x2, Stargate  
  37  6:51  Probe  
  37  6:52  Adept x3  
  44  7:03  Gateway  
  44  7:12  Probe x2  
  46  7:15  Resonating Glaives (Chrono Boost)  
  46  7:24  Phoenix x2  
  50  7:39  Pylon  
  50  7:48  Phoenix  
  50  7:49  Phoenix  
  50  7:50  Zealot  
  53  8:18  Phoenix x2  
  52  8:23  Adept  
  46  9:07  Probe  
  47  9:39  Adept x4  
  47  9:44  Assimilator  
  55  9:48  Assimilator  
  55  9:52  Probe  
  55  9:54  Gateway  
  55  9:55  Pylon  
  56  10:02  Adept x4  
  58  10:52  Adept x2  
  58  10:55  Zealot x2  
  66  11:04  Pylon  
  66  11:10  Pylon  
  66  11:16  Pylon, Zealot  
  66  11:17  Zealot  
  70  11:23  Zealot x3  
  76  11:31  Oracle  
  75  12:05  Zealot x2  
  75  12:06  Zealot x3  
  85  12:23  Charge (Chrono Boost)  
  85  12:42  Nexus  
  83  12:51  Pylon  
  83  12:54  Nexus  
  82  13:08  Phoenix x2  
  86  13:27  Zealot x3  
  86  13:28  Zealot  
  94  13:42  Probe  
  95  13:52  Probe  
  95  13:54  Phoenix  
  95  13:55  Phoenix  
  96  14:06  Probe  
  96  14:07  Probe  
  98  14:17  Assimilator x2  
  98  14:19  Phoenix  
  98  14:21  Pylon  
  98  14:24  Pylon  
  98  14:25  Sentry x2  
  98  14:28  Zealot x3  
  108  14:47  Pylon  
  62  15:08  Adept x4  
  62  15:09  Adept  
Tags
 
Composition
Mass Adepts
Matchup
PvZ
Replay Pack
All Mines
Spawn Locations
Close Positions
Add a new tag
Caveats
  • Supply blocks, unpowered buildings, or Contaminate may cause inaccurate times.
  • Supply counts are checked every 10 seconds.